 Dungeon Crawl Stone Soup version 0.27-a0-1555-g0e7b3fb1d2 (webtiles) character file.

Game seed: 17715988531552690047

42 nyamberluvr69 the Chopper (level 3, -4/34 HPs)
             Began as a Minotaur Berserker on July 15, 2021.
             Was a Follower of Trog.
             Frozen to death by an endoplasm (5 damage)
             ... on level 2 of the Dungeon.
             The game lasted 00:01:08 (880 turns).

nyamberluvr69 the Chopper (Minotaur Berserker)       Turns: 880, Time: 00:01:10

Health: -4/34      AC:  2    Str: 22    XL:     3   Next: 35%
Magic:  2/2        EV: 12    Int:  4    God:    Trog [*.....]
Gold:   52         SH:  0    Dex:  9    Spells: 2/2 levels left

rFire    . . .     SeeInvis .   a - +0 hand axe
rCold    . . .     Faith    .   (no shield)
rNeg     . . .     Spirit   .   b - +0 animal skin
rPois    .         Reflect  .   (helmet restricted)
rElec    .         Harm     .   (no cloak)
rCorr    .         Rampage  .   (no gloves)
Will     .....                  (no boots)
Stlth    +.........             (no amulet)
HPRegen  0.11/turn              (no ring)
MPRegen  0.08/turn              (no ring)

@: on berserk cooldown, slowed, very slow
A: horns 2, retaliatory headbutt
a: Renounce Religion, Berserk


You were on level 2 of the Dungeon.
You worshipped Trog.
Trog was aware of your devotion.
You visited 1 branch of the dungeon, and saw 2 of its levels.

You collected 52 gold pieces.

Inventory:

Hand Weapons
 a - a +0 hand axe (weapon)
Armour
 b - a +0 animal skin (worn)
Scrolls
 c - a scroll of identify {unknown}
 d - a scroll of fear {unknown}
 e - a scroll of blinking {unknown}
 f - a scroll of amnesia {unknown}


   Skills:
 + Level 4.6 Fighting
 + Level 4.6 Axes
 - Level 2.4 Armour
 - Level 2.1 Dodging


You had 2 spell levels left.
You didn't know any spells.
Your spell library was empty.

Dungeon Overview and Level Annotations

Branches:
Dungeon (2/15)

Altars:

Shops:
D:1 ([=[=


Innate Abilities, Weirdness & Mutations

You have a pair of horns on your head.
You reflexively headbutt those who attack you in melee.


Message History

Natasha zaps a wand.
The puff of flame hits you!
You barely miss Natasha.
Natasha is almost dead.
Natasha claws you!
* * * LOW HITPOINT WARNING * * *
You are too injured to fight recklessly!
A red film seems to cover your vision as you go berserk!
You feel yourself moving faster!
You feel mighty!
Natasha zaps a wand.
The puff of flame hits you.
* * * LOW HITPOINT WARNING * * *
You slash Natasha!
You kill Natasha!
Trog accepts your kill.
Trog appreciates your killing of a magic user.
You hear a faint echoing roar filled with hate and sorrow!
The white imp disappears in a puff of smoke!
You have reached level 3!
Your experience leads to an increase in your attributes!
Increase (S)trength, (I)ntelligence, or (D)exterity?
You feel stronger.
An endoplasm comes into view.
You feel a strong urge to attack something.
An endoplasm is nearby!
An endoplasm is nearby!
An endoplasm is nearby!
You are too injured to fight recklessly!
You are too injured to fight recklessly!
You are too injured to fight recklessly!
You are too injured to fight recklessly!
You feel your anger nearly subside.
You are no longer berserk.
You are exhausted.
You feel yourself slow down.
You hit the endoplasm.
The endoplasm is almost dead.
The endoplasm freezes you.
You are frozen.
* * * LOW HITPOINT WARNING * * *
The endoplasm freezes you.
You are frozen.
You die...

# #....# .
#.#....# ###
#......# ..
####.### #.
#####.########
#..####.
#............#
#.......
##.##.......#.
##.####.
.....#...##.#.#
#.####.
##.##..@.......
#.....< #
##.J....#.#
#######
#........#
....######
...... .......#
#.......#
........#


You could see an endoplasm.

Vanquished Creatures
  Natasha (D:2)
  2 ball pythons (D:1)
  2 bats
  An endoplasm (D:1)
  3 giant cockroaches
  2 goblins (D:1)
  A quokka (D:1)
  A frilled lizard (D:1)
  A kobold (D:1)
  A rat (D:1)
15 creatures vanquished.

Notes
Turn   | Place    | Note
-------+----------+-------------------------------------------
     0 | D:1      | nyamberluvr69 the Minotaur Berserker began the quest for
                  | the Orb.
     0 | D:1      | Reached XP level 1. HP: 19/19 MP: 0/0
     9 | D:1      | Found a faded altar of an unknown god.
    31 | D:1      | Found Enasaomuwn's Jewellery Shop.
   146 | D:1      | Found Feefadin's Armour Shop.
   156 | D:1      | Found Xeucrec's Jewellery Boutique.
   263 | D:1      | Found Weczerul's Armour Boutique.
   442 | D:1      | Reached XP level 2. HP: 27/27 MP: 1/1
   475 | D:1      | Found Hefocugo's Antique Weapon Emporium.
   864 | D:2      | Noticed Natasha
   874 | D:2      | Killed Natasha
   875 | D:2      | Reached XP level 3. HP: 9/34 MP: 2/2
   880 | D:2      | HP: 1/34 [frozen (5)]
   880 | D:2      | Frozen to death by an endoplasm

Illustrated notes

Levels and vault maps discovered:
D:1:      minmay_arrival_five_plusses, layout_basic, serial_shops,
          nicolae_diamond_shop, shop, nicolae_shop_stone, nicolae_square_shop,
          shop, basic_ecumenical_altar, hex_large
D:2:      layout_loops_cross, serial_shops, shop, uniq_natasha

Skill      XL: |  1 |
---------------+----+-----
Fighting       | 4 |  4.6
Axes           | 4 |  4.6
Armour         | |  2.4
Dodging        | |  2.1

Action                   || total
-------------------------++-------
Melee: Hand axe          ||    28
       Headbutt          ||     3
Invok: Berserk           ||     1
Armor: Animal skin       ||     6
Dodge: Dodged            ||    11

Table legend: (Time is in decaauts)
 A = Elapsed time spent in this place.
 B = Non-inter-level travel time spent in this place.
 C = Inter-level travel time spent in this place.
 D = Time resting spent in this place.
 E = Time spent auto-exploring this place.
 F = Levels seen in this place.
 G = Mean time per level.
                   A        B        C        D        E       F      G
               +--------+--------+--------+--------+--------+-----+--------+
         Total |    881 |    871 |     10 |      0 |    780 |   2 |  440.5 |
       Dungeon |    881 |    871 |     10 |      0 |    780 |   2 |  440.5 |
               +--------+--------+--------+--------+--------+-----+--------+

Top non-repeatable levels by time:
     D:1: 786 daAuts
     D:2: 94 daAuts
